 Dungeon Crawl Stone Soup version 0.31-a0-507-gbafd7f5274 (webtiles) character file.

Game seed: 14274343815203341976

427 Gelion the Changeling (level 6, -6/42 HPs)
             Began as an Octopode Shapeshifter on Aug 9, 2023.
             Mangled by a gnoll
             ... wielding a +0 whip of electrocution
              (9 damage)
             ... on level 4 of the Dungeon.
             The game lasted 00:06:32 (3013 turns).

Gelion the Changeling (Octopode Shapeshifter)       Turns: 3013, Time: 00:06:33

Health: -6/42      AC:  1    Str: 20    XL:     6   Next: 97%
Magic:  6/6        EV: 13    Int: 11    God:
Gold:   87         SH:  0    Dex: 14    Spells: 5/5 levels left

rFire   . .          .
                       - Unarmed
rCold   . . .        (no shield)
rNeg    . . .        (helmet currently unavailable)
rPois   .            (no amulet)
rElec   .            j - +6 ring of strength
rCorr   .            (no ring)
SInv    .            (no ring)
Will    .....        (no ring)
Stlth   ++           (no ring)
HPRegen 0.27/turn    (no ring)
MPRegen 0.10/turn    (no ring)
                     (no ring)

%: no passive effects
@: beast-form
A: beast (slay +3), almost no armour, amphibious, 8 rings, camouflage 1,
gelatinous body 1, (nimble swimmer 1), tentacles
a: Begin Untransformation


You were on level 4 of the Dungeon.
You were a hulking beast.
You visited 1 branch of the dungeon, and saw 4 of its levels.

You collected 87 gold pieces.

Inventory:

Hand Weapons
 d - the +7 lajatang of Order {silver, rMut}
   (You acquired it on level 1 of the Dungeon)

   rMut:      It protects you from mutation.
Jewellery
 j - a +6 ring of strength (left tentacle)
Talismans
 b - a beast talisman (active)
 c - a flux talisman
 k - a maw talisman
Scrolls
 f - 2 scrolls of fog
 g - 2 scrolls of teleportation
 i - a scroll of identify
Potions
 h - a potion of berserk rage
 l - a potion of brilliance


   Skills:
 + Level 3.4 Fighting
 - Level 2.0 Dodging
 + Level 4.5 Unarmed Combat
 * Level 5.1 Shapeshifting


You had 5 spell levels left.
You didn't know any spells.
Your spell library contained the following spells:

 Spells                   Type           Power      Damage    Failure   Level
 Freeze                   Ice            0%         1d3       34%         1
 Frozen Ramparts          Ice            0%         1d1       71%         3
 Hailstorm                Conj/Ice       0%         3d3       71%         3


Dungeon Overview and Level Annotations

Branches:
Dungeon (4/15)
 Temple: D:4-7

Altars:
Cheibriados
Gozag

Shops:
D:2 *


Innate Abilities, Weirdness & Mutations

You are a hulking beast.
Your limbs bulge with bestial killing power. (Slay +3)
You cannot wear most types of armour.
You are amphibious.
You can wear up to eight rings at the same time.
Your skin changes colour to match your surroundings (Stealth+).
Your rubbery body absorbs attacks. (AC +1, EV +1)
((You are camouflaged when in or above water. (Stealth+)))
You have tentacles for arms and can constrict up to eight enemies at once.


Message History

The gnoll hits you but does no damage. The gnoll hits you but does no damage.
The gnoll hits you from afar with a +0 spear.
The gnoll hits you but does no damage. The gnoll hits you but does no damage.
The gnoll hits you but does no damage.
The gnoll hits you from afar with a +0 spear.
The gnoll hits you but does no damage. The gnoll hits you but does no damage.
The gnoll hits you from afar with a +0 spear.
The gnoll hits you but does no damage.
Your transformation is almost over.
The gnoll hits you but does no damage. The gnoll hits you but does no damage.
The gnoll barely misses you. The gnoll hits you but does no damage.
The gnoll barely misses you. The gnoll hits you but does no damage.
The gnoll hits you from afar with a +0 spear.
The gnoll hits you but does no damage. The gnoll completely misses you.
The gnoll barely misses you.
You feel less wooden.
You turn into a hulking beast.
The gnoll hits you from afar with a +0 spear.
The gnoll hits you with a +0 spear.
* * * LOW HITPOINT WARNING * * *
Things that are here:
a +0 club; a kobold corpse You tentacle-slap the gnoll.
You grab the gnoll.
The gnoll is moderately wounded.
You constrict the gnoll. The gnoll hits you with a +0 spear.
* * * LOW HITPOINT WARNING * * *
You bludgeon the gnoll!
You kill the gnoll!
You feel better.
The gnoll hits you with a +0 whip of electrocution!
* * * LOW HITPOINT WARNING * * *
You are electrocuted!
You die...

#..#.#. #..#.#.
#..#... #......
##.###.
#############.#
#.
#.........†...#
#.
#.#############
#. #h# #.
#g#### #.
#!..g## #.
#.##g.# #.
#.###)#
#.#....$#
#.#.#.###
#.#.._. #.# #.#


You could see a gnoll.

Vanquished Creatures
  An ogre (D:4)
  A hound (D:4)
  An orc priest (D:3)
  Terence (D:3)
  An orc wizard (D:3)
  Robin (D:4)
  10 gnolls
  2 adders
  A worm (D:2)
  A dart slug (D:1)
  12 orcs (D:3)
  6 ball pythons
  3 bats (D:2)
  6 endoplasms
  A giant cockroach (D:1)
  11 hobgoblins
  2 jackals (D:2)
  4 kobolds
  4 frilled lizards
  16 goblins
  3 rats (D:1)
88 creatures vanquished.

Notes
Turn   | Place    | Note
-------+----------+-------------------------------------------
     0 | D:1      | Gelion the Octopode Shapeshifter began the quest for the
                  | Orb.
     0 | D:1      | Reached XP level 1. HP: 13/13 MP: 1/1
    60 | D:1      | Reached XP level 2. HP: 18/18 MP: 2/2
   584 | D:1      | Reached XP level 3. HP: 23/23 MP: 3/3
   645 | D:1      | Identified a scroll of acquirement
   645 | D:1      | Acquired the +7 lajatang of Order {silver, rMut}
   645 | D:1      | Found the +7 lajatang of Order {silver, rMut}
   802 | D:2      | Found Lonyh's General Store.
   955 | D:2      | Found a faded altar of an unknown god.
  1526 | D:3      | Reached XP level 4. HP: 29/29 MP: 4/4
  1654 | D:3      | Reached skill level 4 in Shapeshifting
  1656 | D:3      | Reached XP level 5. HP: 31/35 MP: 5/5
  1896 | D:3      | Found a snail-covered altar of Cheibriados.
  2260 | D:3      | Reached XP level 6. HP: 16/41 MP: 6/6
  2439 | D:3      | Noticed Terence
  2444 | D:3      | Killed Terence
  2715 | D:4      | Noticed Robin
  2720 | D:4      | Killed Robin
  2943 | D:4      | Reached skill level 5 in Shapeshifting
  2960 | D:4      | Found an opulent altar of Gozag.
  3013 | D:4      | Mangled by a gnoll

Illustrated notes

Levels and vault maps discovered:
D:1:      dpeg_arrival_stonehenge_8_columns, layout_basic
D:2:      layout_basic, serial_shops, shop, shapermc_ecumenical_altar_pompeii,
          minmay_hedge_maze
D:3:      layout_basic, lemuel_round_altar, uniq_terence
D:4:      layout_basic, nicolae_gozag_cash_rules_everything_around_me,
          mainiacjoe_overflow_alcove_2, uniq_robin

Skill      XL: |  1  2  3  4  5  6 |
---------------+-------------------+-----
Fighting       | 2 3 |  3.4
Shapeshifting  | 4 5 |  5.1
Unarmed Combat | 4 |  4.5
Dodging        | |  2.0

Action                     |  1- 3 |  4- 6 || total
---------------------------+-------+-------++-------
  Melee: Unarmed           |    70 |   101 ||   171
         Constrict         |    15 |    33 ||    48
         Tentacles         |     9 |    36 ||    45
         Punch             |       |     2 ||     2
    Use: Scroll            |     6 |     4 ||    10
         Potion            |       |     3 ||     3
   Stab: Sleeping          |    11 |     1 ||    12
         Distracted        |       |     1 ||     1
 Armour: Skin              |     7 |    20 ||    27
  Dodge: Dodged            |    32 |    66 ||    98

Table legend: (Time is in decaauts)
 A = Elapsed time spent in this place.
 B = Non-inter-level travel time spent in this place.
 C = Inter-level travel time spent in this place.
 D = Time resting spent in this place.
 E = Time spent auto-exploring this place.
 F = Levels seen in this place.
 G = Mean time per level.
                   A        B        C        D        E       F      G
               +--------+--------+--------+--------+--------+-----+--------+
         Total |   3002 |   2916 |     86 |     58 |   2318 |   4 |  750.5 |
       Dungeon |   3002 |   2916 |     86 |     58 |   2318 |   4 |  750.5 |
               +--------+--------+--------+--------+--------+-----+--------+

Top non-repeatable levels by time:
     D:3: 1141 daAuts
     D:2: 899 daAuts
     D:1: 655 daAuts
     D:4: 306 daAuts
